AoeStats
← ASMODEUS7743

Arena

506682793Analyzed
4v4 RM · 17d ago on Sep 14, 2026· 42m 23s· 8 players
Game mode
Random Map
Map size
Large (8 player)
Population
200
Speed
Normal
Resources
Standard
Victory
Conquest
Starting age
Dark Age
Ending age
Imperial Age
RankedLock teamsTeams togetherTeam positionsShared explorationLock speedFull tech treeHidden civsTurbo modeCheats
Victory
Defeat
🇺🇸 Hindustanis · United States
1327
+14
🇪🇸 Vikings · Spain
1305
+15
🇨🇴 Vietnamese · Colombia
1259
+17
🇪🇸 Poles · Spain
1239
+18
🇹🇼 Bohemians · Taiwan
1322
-17
🇩🇪 Lithuanians · Germany
1316
-17
1273
-16
🇨🇳 Mongols · China
1227
-14
TITO15
5:00 Loom
10:51 Feudal Age
14:35 Castle Age
12:35 Double-Bit Axe
12:56 Horse Collar
15:34 Bow Saw
15:53 Heavy Plow
20:48 Gold Mining
20:49 Stone Mining
21:47 Wheelbarrow
26:52 Imperial Age
25:18 Hand Cart
25:39 Fletching
26:48 Stone Shaft Mining
27:01 Bodkin Arrow
28:56 Chemistry
28:17 Ballistics
28:02 Bracer
28:37 Padded Archer Armor
29:07 Elite Rattan Archer
30:08 Leather Archer Armor
32:36 Ring Archer Armor
IamBritt
10:29 Feudal Age
14:13 Castle Age
12:46 Double-Bit Axe
12:43 Horse Collar
15:21 Bow Saw
18:01 Heavy Plow
21:50 Wheelbarrow
22:16 Gold Mining
23:40 Hand Cart
23:12 Loom
24:23 Gold Shaft Mining
28:31 Imperial Age
26:23 Scale Barding Armor
26:38 Stone Mining
27:01 Forging
27:05 Bloodlines
26:56 Husbandry
28:48 Chain Barding Armor
28:34 Heavy Camel Rider
30:20 Plate Barding Armor
30:22 Iron Casting
31:13 Imperial Camel Rider
32:41 Grand Trunk Road
34:02 Blast Furnace
34:21 Chemistry
33:33 Masonry
34:40 Stone Shaft Mining
36:31 Caravan
36:18 Siege Elephant
36:29 Siege Elephant
38:00 Fletching
38:11 Padded Archer Armor
Neinkaiser
9:34 Feudal Age
15:00 Castle Age
13:16 Double-Bit Axe
13:56 Horse Collar
16:54 Town Watch
21:00 Loom
22:54 Heavy Plow
23:08 Bow Saw
23:03 Gold Mining
23:05 Stone Mining
24:12 Fortified Wall
29:10 Imperial Age
26:57 Fletching
27:07 Padded Archer Armor
27:55 Gold Shaft Mining
27:00 Crossbowman
28:10 Ballistics
29:20 Bodkin Arrow
29:40 Leather Archer Armor
29:26 Arbalester
31:08 Chemistry
31:25 Murder Holes
33:10 Two-Man Saw
33:20 Crop Rotation
34:14 Bogsveigar
34:36 Town Patrol
35:04 Treadmill Crane
35:30 Siege Engineers
35:31 Bracer
36:26 Hoardings
37:04 Ring Archer Armor
36:35 Scale Mail Armor
36:46 Forging
36:02 Elite Skirmisher
37:35 Conscription
38:57 Chain Mail Armor
38:05 Capped Ram
39:18 Masonry
42:05 Imperial Skirmisher
ASMODEUS7743
12:30 Feudal Age
10:46 Loom
12:57 Double-Bit Axe
17:06 Castle Age
16:16 Stone Mining
17:31 Horse Collar
19:50 Fervor
22:30 Heavy Plow
25:40 Wheelbarrow
26:57 Town Watch
31:02 Imperial Age
28:53 Forging
28:48 Scale Barding Armor
29:35 Husbandry
29:45 Bloodlines
30:21 Hand Cart
30:06 Town Patrol
29:46 Elite Skirmisher
30:31 Thumb Ring
30:03 Light Cavalry
30:51 Szlachta Privileges
31:25 Iron Casting
31:10 Chain Barding Armor
32:41 Fletching
32:51 Padded Archer Armor
32:51 Winged Hussar
34:24 Conscription
36:11 Imperial Skirmisher
37:23 Bodkin Arrow
38:35 Blast Furnace
38:00 Ballistics
38:11 Bracer
38:27 Leather Archer Armor
39:44 Lechitic Legacy
42:57 Chemistry
42:03 Siege Engineers
qwerasdfzxcv110
5:13 Loom
9:34 Feudal Age
14:54 Castle Age
12:51 Double-Bit Axe
28:13 Imperial Age
25:32 Horse Collar
26:29 Bow Saw
27:24 Wheelbarrow
27:10 Forging
28:56 Chemistry
28:34 Wagenburg Tactics
30:02 Iron Casting
29:27 Scale Mail Armor
30:16 Fortified Wall
29:48 Treadmill Crane
30:41 Pikeman
31:21 Squires
31:46 Onager
36:52 Two-Man Saw
Olli
8:46 Loom
10:41 Feudal Age
12:30 Double-Bit Axe
12:27 Horse Collar
15:58 Castle Age
15:55 Gold Mining
15:56 Stone Mining
17:48 Bow Saw
17:45 Heavy Plow
24:04 Fervor
25:46 Stone Shaft Mining
25:58 Scale Mail Armor
26:57 Wheelbarrow
28:24 Hand Cart
27:55 Town Watch
28:17 Scale Barding Armor
28:24 Forging
29:29 Bloodlines
29:20 Husbandry
29:42 Chain Barding Armor
29:39 Chain Mail Armor
32:01 Imperial Age
29:32 Town Patrol
31:23 Iron Casting
32:05 Elite Leitis
33:12 Conscription
33:30 Plate Barding Armor
33:44 Crop Rotation
34:16 Two-Man Saw
BøM_從小不缺鮑魚
9:52 Feudal Age
10:48 Double-Bit Axe
14:31 Castle Age
13:20 Gold Mining
14:00 Horse Collar
17:54 Fletching
19:14 Bodkin Arrow
19:36 Bow Saw
19:43 Bodkin Arrow
20:36 Padded Archer Armor
26:26 Ballistics
29:38 Imperial Age
27:03 Stone Mining
27:52 Gold Shaft Mining
28:15 Leather Archer Armor
28:44 Wheelbarrow
29:07 Thumb Ring
28:58 Loom
29:43 Husbandry
29:53 Bloodlines
30:08 Hand Cart
31:04 Parthian Tactics
30:40 Stone Mining
32:31 Chemistry
32:24 Bracer
32:52 Guard Tower
33:42 Ring Archer Armor
33:58 Heavy Cavalry Archer
35:47 Two-Man Saw
35:02 Guard Tower
35:51 Scale Mail Armor
35:16 Pikeman
36:33 Forging
36:25 Squires
37:29 Chain Mail Armor
36:46 Halberdier
38:28 Yasama
39:10 Plate Mail Armor
39:16 Iron Casting
39:55 Conscription
41:27 Keep
hawki2518
11:03 Feudal Age
12:08 Double-Bit Axe
13:11 Horse Collar
16:25 Castle Age
25:23 Bow Saw
25:44 Stone Mining
25:46 Gold Mining
25:59 Heavy Plow
28:23 Stone Shaft Mining
28:25 Gold Shaft Mining
28:40 Wheelbarrow
27:51 Loom
29:18 Ballistics
32:31 Imperial Age
30:05 Town Watch
30:52 Hand Cart
30:57 Murder Holes
31:13 Fortified Wall
31:05 Fletching
31:15 Padded Archer Armor
32:26 Bodkin Arrow
32:47 Leather Archer Armor
33:27 Thumb Ring
33:48 Parthian Tactics
33:28 Bracer
34:34 Chemistry
33:46 Bloodlines
33:36 Husbandry
34:19 Conscription
34:30 Town Patrol
35:21 Masonry
35:17 Siege Engineers
35:52 Elite Mangudai
37:56 Hoardings
37:43 Drill
36:50 Capped Ram
38:00 Siege Ram
39:56 Onager
41:19 Siege Onager
41:48 Light Cavalry
Connection lost

Rejoining the realm…

Still unreachable

The connection could not be restored.

Session expired

The server has moved on; the page needs a fresh start.